 Dungeon Crawl Stone Soup version 0.31-a0-879-g1609e0ac53 (webtiles) character file.

Game seed: 10142778763968180810

4803 CowFu the Impaler (level 10, -3/70 HPs)
             Began as a Human Monk on Oct 15, 2023.
             Was a Priest of the Shining One.
             Killed by divine providence
             ... invoked by an orc priest
              (13 damage)
             ... on level 9 of the Dungeon.
             The game lasted 00:08:52 (8396 turns).

CowFu the Impaler (Human Monk)                      Turns: 8396, Time: 00:08:53

Health: -3/70      AC:  9    Str: 23    XL:     10   Next: 76%
Magic:  10/10      EV: 12    Int: 10    God:    the Shining One [***...]
Gold:   215        SH:  0    Dex: 15    Spells: 9/9 levels left

rFire   + . .        b - +1 bardiche (heavy)
rCold   . . .        (shield currently unavailable)
rNeg    + . .        c - +2 leather armour {rF+}
rPois   .            (no helmet)
rElec   .            (no cloak)
rCorr   .            (no gloves)
SInv    .            (no boots)
Will    .....        (no amulet)
Stlth   +            u - +4 ring of protection
HPRegen 0.31/turn    x - +6 ring of strength
MPRegen 0.12/turn

%: no passive effects
@: glowing
A: no striking features
a: Renounce Religion, Divine Shield, Cleansing Flame


You were on level 9 of the Dungeon.
You worshipped the Shining One.
The Shining One was most pleased with you.
You visited 2 branches of the dungeon, and saw 10 of its levels.

You collected 275 gold pieces.
You spent 60 gold pieces at shops.

Inventory:

Hand Weapons
 a - a +1 trident of protection
 b - a +1 heavy bardiche (weapon)
 E - a +2 shortbow of electrocution
Missiles
 C - 3 throwing nets
Armour
 c - a +2 leather armour of fire resistance (worn)
 D - a +0 buckler
Jewellery
 d - a ring of protection from cold
 u - a +4 ring of protection (left hand)
 x - a +6 ring of strength (right hand)
Wands
 h - a wand of charming (5)
Scrolls
 e - a scroll of torment
 f - 2 scrolls of teleportation
 j - a scroll of noise {unknown}
 l - a scroll of vulnerability {unknown}
 m - 3 scrolls of immolation {unknown}
 n - a scroll of butterflies {unknown}
 r - 3 scrolls of silence {unknown}
 s - a scroll of fog {unknown}
 y - a scroll of fear {unknown}
 B - a scroll of enchant armour {unknown}
 F - a scroll of amnesia {unknown}
 G - a scroll of identify
 J - 2 scrolls of enchant weapon {unknown}
 K - a scroll of revelation {unknown}
 L - a scroll of blinking {unknown}
Potions
 g - a potion of attraction
 i - 4 potions of lignification
 k - 2 potions of degeneration
 o - 2 potions of cancellation
 p - a potion of resistance
 q - 2 potions of might
 t - 4 potions of heal wounds {unknown}
 v - a potion of curing {unknown}
 w - a potion of mutation {unknown}
 z - 3 potions of enlightenment {unknown}
 A - 2 potions of haste {unknown}
 H - a potion of berserk rage {unknown}
 I - a potion of experience {unknown}


   Skills:
 - Level 3.0 Fighting
 + Level 15.1 Polearms
 - Level 3.0 Dodging


You had 9 spell levels left.
You didn't know any spells.
Your spell library contained the following spells:

 Spells                   Type           Power      Damage    Failure   Level
 Sting                    Tmut/Pois      0%         1d3       41%         1
 Summon Small Mammal      Summ           0%         N/A       41%         1
 Ensorcelled Hibernation  Hex/Ice        0%         N/A       54%         2
 Passwall                 Tmut/Erth      0%         N/A       54%         2
 Poisonous Vapours        Pois/Air       0%         N/A       54%         2
 Call Canine Familiar     Summ           0%         N/A       78%         3
 Ozocubu's Armour         Ice            0%         N/A       78%         3
 Sigil of Binding         Hex            0%         N/A       78%         3
 Summon Guardian Golem    Hex/Summ       0%         N/A       78%         3
 Swiftness                Air            0%         N/A       78%         3
 Tukima's Dance           Hex            0%         N/A       78%         3
 Dimensional Bullseye     Hex/Tloc       0%         N/A       99%         4
 Iskenderun's Mystic Bla  Conj/Tloc      0%         2d3       99%         4
 Leda's Liquefaction      Hex/Erth       0%         N/A       99%         4
 Olgreb's Toxic Radiance  Pois           0%         N/A       99%         4
 Orb of Destruction       Conj           0%         9d5       100%        7
 Ozocubu's Refrigeration  Ice            0%         4d7       100%        7
 Spellforged Servitor     Conj/Summ      0%         N/A       100%        7


Dungeon Overview and Level Annotations

Branches:
Dungeon (9/15)             Temple (1/1) D:6
   Lair: D:8-11         Orc: D:9-12

Altars:
Ashenzari
Cheibriados
Dithmenos
Elyvilon
Fedhas
Gozag
Hepliaklqana
Kikubaaqudgha
Makhleb
Nemelex Xobeh
Qazlal
Ru
Sif Muna
Trog
Uskayaw
Vehumet
Wu Jian
Xom
Yredelemnul
Zin
The Shining One

Shops:
D:1 :   D:7 *


Message History

You open the orc warrior like a pillowcase!!!
You kill the orc warrior!
The steam dragon breathes steam at you.
The ball of steam misses the orc.
The ball of steam hits you. You resist.
The orc is engulfed in a cloud of scalding steam.
The orc closely misses you.
You barely miss the orc.
The orc is heavily wounded.
The orc is engulfed in a cloud of scalding steam.
The orc dies!
The steam dragon bites you but does no damage.
The steam dragon claws you but does no damage.
The steam dragon attacks as it pursues you!
The steam dragon bites you! The steam dragon claws you.
You slice the steam dragon!!
The steam dragon is almost dead.
The steam dragon breathes steam at you. The ball of steam hits you. You resist.
The steam dragon barely misses you. The steam dragon claws you.
You chop the steam dragon into pieces!!!
You kill the steam dragon!
The steam dragon scales are intact enough to wear.
The orc priest invokes the aid of Beogh against you.
Beogh smites you!
* * * LOW HITPOINT WARNING * * *
The orc priest hits you with a +0 war axe!
* * * LOW HITPOINT WARNING * * *
You open the orc priest like a pillowcase!!!
You kill the orc priest!
The Shining One accepts your kill.
An orc wizard comes into view. It is wielding a +0 dagger.
You hit the orc priest.
The orc priest is moderately wounded.
The orc priest begins to cast a cantrip, but forgets the words!
You slash the orc priest!
The orc priest is severely wounded.
The orc priest completely misses you.
The orc priest invokes the aid of Beogh against you.
Beogh smites you!
You die...

.(.
#o#
#D###
#<..#
###.#
#)#
#.#
#o##
#@o#
##.#
#.#
#.#
#.#
#.#
#..
##. .


You could see an orc priest and an orc wizard.

Vanquished Creatures
  A two-headed ogre (D:8)
  Jeremiah (D:7)
  A wyvern (D:7)
  5 yaks (D:7)
  A steam dragon (D:9)
  2 water moccasins
  Duvessa (D:6)
  An orc warrior (D:9)
  An ice beast (D:7)
  2 black bears
  An ogre (D:6)
  3 centaurs
  A phantom (D:4)
  2 bullfrogs
  A gnoll sergeant (D:6)
  4 scorpions
  5 wights (D:8)
  Dowan (D:6)
  6 killer bees (D:8)
  A howler monkey (D:5)
  A hound (D:4)
  4 jellies
  6 orc priests
  A sleepcap (D:6)
  2 iguanas
  7 orc wizards
  8 gnolls
  5 adders
  4 shadow imps
  2 ufetubi (D:5)
  A worm (D:4)
  23 orcs
  10 ball pythons
  12 endoplasms
  6 giant cockroaches
  8 goblins
  7 hobgoblins
  3 jackals (D:2)
  4 quokkas
  5 bats
  5 frilled lizards
  16 kobolds
  8 rats
189 creatures vanquished.

Vanquished Creatures (others)
  An orc (D:9)
1 creature vanquished.

Grand Total: 190 creatures vanquished

Notes
Turn   | Place    | Note
-------+----------+-------------------------------------------
     0 | D:1      | CowFu the Human Monk began the quest for the Orb.
     0 | D:1      | Reached XP level 1. HP: 18/18 MP: 1/1
    28 | D:1      | Reached XP level 2. HP: 17/24 MP: 2/2
   130 | D:1      | Found Xougag's Vocational Training.
   148 | D:1      | Reached skill level 4 in Polearms
   148 | D:1      | Reached XP level 3. HP: 29/29 MP: 3/3
   758 | D:2      | Reached XP level 4. HP: 34/35 MP: 4/4
  1014 | D:2      | Reached skill level 5 in Polearms
  1240 | D:2      | You fall into a shaft and drop 1 floor!
  1241 | D:3      | Found a stormy altar of Qazlal.
  1715 | D:3      | Found a sacrificial altar of Ru.
  1835 | D:3      | Reached XP level 5. HP: 41/41 MP: 5/5
  1879 | D:4      | Noticed a phantom
  1898 | D:4      | Killed a phantom
  1899 | D:4      | Reached skill level 6 in Polearms
  1899 | D:4      | Reached XP level 6. HP: 7/47 MP: 6/6
  2205 | D:3      | Found an ornate altar of the Wu Jian Council.
  2507 | D:4      | Found a broken altar of Ashenzari.
  2612 | D:4      | Reached skill level 7 in Polearms
  2841 | D:4      | Found an opulent altar of Gozag.
  2842 | D:4      | Found a glowing silver altar of Zin.
  2954 | D:4      | Noticed a black bear
  2966 | D:4      | Killed a black bear
  2967 | D:4      | Reached XP level 7. HP: 29/52 MP: 7/7
  3128 | D:5      | Entered Level 5 of the Dungeon
  3556 | D:5      | Reached skill level 8 in Polearms
  4127 | D:6      | Found a staircase to the Ecumenical Temple.
  4138 | D:6      | Reached XP level 8. HP: 44/58 MP: 8/8
  4161 | Temple   | Entered the Ecumenical Temple
  4236 | Temple   | Became a worshipper of the Shining One
  4236 | Temple   | Reached * piety under the Shining One
  4236 | Temple   | Reached ** piety under the Shining One
  4303 | D:6      | Reached skill level 9 in Polearms
  4743 | D:6      | Reached skill level 10 in Polearms
  5036 | D:6      | Noticed Dowan
  5037 | D:6      | Noticed Duvessa
  5046 | D:6      | Killed Dowan
  5065 | D:6      | Killed Duvessa
  5234 | D:6      | Reached XP level 9. HP: 45/63 MP: 9/9
  5249 | D:6      | Reached skill level 11 in Polearms
  5296 | D:6      | Found a snail-covered altar of Cheibriados.
  5427 | D:7      | Found Aluxkoen's Assorted Antiques.
  5479 | D:7      | Bought a fizzy orange potion for 19 gold pieces
  5479 | D:7      | Bought a scroll labelled DIBEYPROXTEMU for 22 gold pieces
  5479 | D:7      | Bought a murky cyan potion for 19 gold pieces
  5487 | D:7      | Identified a scroll of acquirement
  5491 | D:7      | Acquired a +1 heavy bardiche
  5804 | D:7      | Noticed Jeremiah
  5833 | D:7      | Killed Jeremiah
  5834 | D:7      | Reached skill level 12 in Polearms
  6218 | D:7      | Found a radiant altar of Vehumet.
  6544 | D:7      | Reached skill level 13 in Polearms
  6547 | D:7      | Reached XP level 10. HP: 18/70 MP: 10/10
  6877 | D:8      | Noticed a two-headed ogre
  6882 | D:8      | Killed a two-headed ogre
  6883 | D:8      | Reached skill level 14 in Polearms
  7153 | D:8      | Found a shadowy altar of Dithmenos.
  7287 | D:8      | Reached *** piety under the Shining One
  8172 | D:8      | Reached skill level 15 in Polearms
  8396 | D:9      | Killed from afar by an orc priest

Illustrated notes

Levels and vault maps discovered:
D:1:      nicolae_arrival_washed_ashore, layout_rooms, nicolae_shop_vocational
D:2:      layout_basic
D:3:      layout_rooms, lemuel_crystal_altar,
          mainiacjoe_overflow_surrounded_room, nzn_wu_jian_contemplation
D:4:      layout_loops_ring, ashenzari_conservatory_becter,
          grunt_temple_overflow_gold_and_silver, kennysheep_potato
D:5:      layout_basic
D:6:      layout_basic, mainiacjoe_overflow_concentric_impassable,
          minmay_temple_entry_wispy, grunt_ministairs_3, uniq_duvessa
D:7:      layout_loops_corners, lemuel_coloured_pillars_altar, serial_shops,
          nicolae_shop_just_a_little_nook, grunt_decor_cap,
          nicolae_eternal_life, uniq_jeremiah
D:8:      layout_basic, general_overflow_altar, serial_rivers,
          chequers_serial_rivers_micro_a, chequers_serial_rivers_micro_d,
          chequers_serial_rivers_micro_a, chequers_serial_rivers_micro_a
D:9:      layout_roguey
Temple:   minmay_temple_forest_path

Skill      XL: |  1  2  3  4  5  6  7  8  9 10 |
---------------+-------------------------------+-----
Polearms       | 4 5 6 7 8 10 13 15 | 15.1
Fighting       | |  3.0
Dodging        | |  3.0

Action                     |  1- 3 |  4- 6 |  7- 9 | 10-12 || total
---------------------------+-------+-------+-------+-------++-------
  Melee: Spear             |   118 |    49 |       |       ||   167
         Trident           |       |   127 |   200 |       ||   327
         Bardiche          |       |       |    38 |    64 ||   102
    Use: Potion            |       |       |     1 |       ||     1
         Scroll            |       |       |     9 |     1 ||    10
   Stab: Sleeping          |     1 |       |       |       ||     1
 Armour: Robe              |    31 |    16 |       |       ||    47
         Chain mail        |       |    81 |   147 |       ||   228
         Leather armour    |       |       |    39 |    70 ||   109
  Dodge: Dodged            |    56 |    73 |   117 |    57 ||   303
  Block: Buckler           |       |       |    10 |       ||    10

Table legend: (Time is in decaauts)
 A = Elapsed time spent in this place.
 B = Non-inter-level travel time spent in this place.
 C = Inter-level travel time spent in this place.
 D = Time resting spent in this place.
 E = Time spent auto-exploring this place.
 F = Levels seen in this place.
 G = Mean time per level.
                   A        B        C        D        E       F      G
               +--------+--------+--------+--------+--------+-----+--------+
         Total |   8433 |   8099 |    334 |      0 |   6784 |  10 |  843.3 |
       Dungeon |   8304 |   8074 |    230 |      0 |   6762 |   9 |  922.7 |
        Temple |    128 |     24 |    104 |      0 |     22 |   1 |  128.0 |
               +--------+--------+--------+--------+--------+-----+--------+

Top non-repeatable levels by time:
     D:8: 1535 daAuts
     D:7: 1503 daAuts
     D:6: 1143 daAuts
     D:5: 977 daAuts
     D:2: 915 daAuts
     D:3: 857 daAuts
     D:4: 817 daAuts
     D:1: 518 daAuts
  Temple: 128 daAuts
     D:9: 34 daAuts
